 Dungeon Crawl Stone Soup version 0.32-a0-732-ga344392067 (webtiles) character file.

Game seed: 18151358242410159849

5899 runemasterragnar the Grappler (level 10, -2/69 HPs)
             Began as an Octopode Shapeshifter on Mar 16, 2024.
             Slain by a vampire mosquito (10 damage)
             ... on level 9 of the Dungeon.
             The game lasted 00:11:48 (10301 turns).

runemasterragnar the Grappler (OpSh)               Turns: 10301, Time: 00:11:49

Health: -2/69      AC:  1    Str: 30    XL:     10   Next: 82%
Magic:  10/10      EV: 15    Int: 13    God:
Gold:   606        SH:  0    Dex: 17    Spells: 9/9 levels left

rFire   . .          .
                       - Unarmed
rCold   . . .        (no shield)
rNeg    . . .        (helmet currently unavailable)
rPois   .            B - amulet of magic regeneration
rElec   .            d - ring of wizardry
rCorr   .            e - +6 ring of strength
SInv    .            h - +6 ring of strength
Will    .....        i - +6 ring of dexterity
Stlth   +++++        (no ring)
HPRegen 0.31/turn    (no ring)
MPRegen 0.52/turn    (no ring)
                     (no ring)

%: wizardry (x1)
@: beast-form, studying Unarmed Combat
A: beast (slay +4), almost no armour, amphibious, 8 rings, camouflage 1,
gelatinous body 1, (nimble swimmer 1), tentacles
a: Begin Untransformation


You were on level 9 of the Dungeon.
You were a hulking beast.
You visited 2 branches of the dungeon, and saw 10 of its levels.

You collected 606 gold pieces.

Inventory:

Missiles
 k - 18 poisoned darts (quivered)
Magical Staves
 t - a staff of cold
Jewellery
 d - a ring of wizardry (left tentacle)
 e - a +6 ring of strength (right tentacle)
 h - a +6 ring of strength (on tentacle)
 i - a +6 ring of dexterity (on tentacle)
 p - a ring of positive energy
 w - a ring of wizardry
 x - a ring of fire
 A - a ring of wizardry
 B - an amulet of magic regeneration (around mantle)
Talismans
 a - a granite talisman
 b - a beast talisman (active)
 c - a flux talisman
 u - a blade talisman
Wands
 y - a wand of iceblast (12)
Scrolls
 g - 3 scrolls of teleportation
 l - 3 scrolls of poison {unknown}
 m - 2 scrolls of revelation {unknown}
 n - a scroll of fear {unknown}
 o - 2 scrolls of blinking
 r - 2 scrolls of fog {unknown}
Potions
 f - a potion of degeneration
 j - a potion of brilliance
 q - a potion of resistance {unknown}
 s - 2 potions of magic
 v - a potion of attraction
 z - a potion of curing
 C - 2 potions of invisibility
 D - a potion of mutation {unknown}


   Skills:
 + Level 6.4 Fighting
 + Level 6.6 Dodging
 + Level 8.7 Stealth
 * Level 11.5 Unarmed Combat
 * Level 8.1 Shapeshifting


You had 9 spell levels left.
You didn't know any spells.
Your spell library contained the following spells:

 Spells                   Type           Power      Damage    Failure   Level
 Summon Small Mammal      Summ           0%         N/A       12%         1
 Blink                    Tloc           0%         N/A       19%         2
 Lesser Beckoning         Tloc           0%         N/A       19%         2
 Momentum Strike          Conj/Tloc      0%         3d8       19%         2
 Scorch                   Fire           0%         2d5       19%         2
 Call Canine Familiar     Summ           0%         N/A       34%         3
 Gell's Gravitas          Tloc           0%         N/A       34%         3
 Hailstorm                Conj/Ice       0%         3d5       34%         3
 Teleport Other           Tloc           0%         N/A       34%         3
 Tukima's Dance           Hex            0%         N/A       34%         3
 Dimensional Bullseye     Hex/Tloc       0%         N/A       73%         4
 Flame Wave               Conj/Fire      0%         2d4       73%         4
 Iskenderun's Mystic Bla  Conj/Tloc      0%         2d3       73%         4
 Summon Blazeheart Golem  Fire/Summ      0%         N/A       73%         4
 Summon Forest            Summ/Tloc      0%         N/A       96%         5
 Summon Cactus Giant      Summ           0%         N/A       100%        6


Dungeon Overview and Level Annotations

Branches:
Dungeon (9/15)             Temple (1/1) D:7
   Lair: D:8-11         Orc: D:9-12

Altars:
Cheibriados
Dithmenos
Elyvilon
Fedhas
Hepliaklqana
Makhleb
Nemelex Xobeh
Qazlal
Ru
Sif Muna
Uskayaw
Vehumet
Wu Jian
Xom
Yredelemnul
The Shining One

Shops:
D:8 (

Annotations:
D:3 2 runed translucent doors, Crazy Yiuf; Livid's ghost, amateur CoFi
D:8 1 runed translucent door, exclusion: oklob sapling, cforsyth's ghost, novice MDCA
Temple 4 transporters


Innate Abilities, Weirdness & Mutations

You are a hulking beast.
Your limbs bulge with bestial killing power. (Slay +4)
You cannot wear most types of armour.
You are amphibious.
You can wear up to eight rings at the same time.
Your skin changes colour to match your surroundings (Stealth+).
Your rubbery body absorbs attacks. (AC +1, EV +1)
((You are camouflaged when in or above water. (Stealth+)))
You have tentacles for arms and can constrict up to eight enemies at once.


Message History

You constrict the vampire mosquito.
The vampire mosquito closely misses you.
You bludgeon the vampire mosquito!
You destroy the vampire mosquito!
The vampire mosquito barely misses you.
You miss the vampire mosquito. You grab the vampire mosquito.
You constrict the vampire mosquito. The vampire mosquito bites you!
* * * LOW HITPOINT WARNING * * *
The vampire mosquito draws strength from your injuries!
The howler monkey hoots and howls with incredible vigour! x2
You bludgeon the vampire mosquito!
The vampire mosquito is severely damaged.
You constrict the vampire mosquito.
The vampire mosquito completely misses you.
The vampire mosquito barely misses you.
You tentacle-slap the vampire mosquito. x2
You destroy the vampire mosquito!
You tentacle-slap the howler monkey. Your grab misses the howler monkey.
You tentacle-slap the howler monkey.
The howler monkey is moderately wounded.
The howler monkey completely misses you.
You bludgeon the howler monkey! Your grab misses the howler monkey.
The howler monkey is almost dead.
The howler monkey closely misses you.
You bludgeon the howler monkey!
You kill the howler monkey!
The vampire mosquito barely misses you.
You batter the vampire mosquito!! Your grab misses the vampire mosquito.
The vampire mosquito is almost destroyed.
The vampire mosquito bites you.
* * * LOW HITPOINT WARNING * * *
The vampire mosquito draws strength from your injuries!
You closely miss the vampire mosquito. Your grab misses the vampire mosquito.
Your squeeze misses the vampire mosquito.
The vampire mosquito is severely damaged.
The vampire mosquito bites you!
* * * LOW HITPOINT WARNING * * *
The vampire mosquito draws strength from your injuries!
The vampire mosquito bites you!
You die...

.........# #.#####.
######.##.##.###....... .
#................######
...###. ##...........#
#......######.####...#######
............#...............
#..........h................
#.#.#.....#y########.#######
# #.###h#h# #..(..... ...
..#.# ##....... ...< ...#.#
#....... ....
)...#.#########.......
'#.......#.................
......?.................
..................
.#................
...............


You could see a vampire mosquito and a howler monkey.

Vanquished Creatures
  Grinder (D:3)
  A vampire (D:9)
  6 yaks
  2 wyverns (D:8)
  3 vampire mosquitoes (D:9)
  An acid dragon (D:9)
  5 water moccasins
  An orc warrior (D:6)
  2 sky beasts
  An ice beast (D:8)
  2 black bears
  3 ogres
  2 centaurs
  4 phantoms
  A kobold brigand (D:7)
  4 bullfrogs
  7 scorpions
  A gnoll sergeant (D:7)
  6 killer bees (D:8)
  5 howler monkeys
  A jelly (D:4)
  4 hounds
  2 orc priests
  A bombardier beetle (D:6)
  Natasha (thrice) (D:3)
  4 iguanas
  7 orc wizards
  8 gnolls (D:7)
  10 adders
  A shadow imp (D:6)
  A white imp (D:5)
  4 ufetubi (D:4)
  4 dart slugs
  3 ribbon worms
  21 orcs
  2 bats
  7 endoplasms
  2 giant cockroaches
  4 goblins
  8 hobgoblins
  4 jackals
  3 quokkas
  8 ball pythons
  11 kobolds
  2 rats
183 creatures vanquished.

Notes
Turn   | Place    | Note
-------+----------+-------------------------------------------
     0 | D:1      | runemasterragnar the Octopode Shapeshifter began the quest
                  | for the Orb.
     0 | D:1      | Reached XP level 1. HP: 13/13 MP: 1/1
   169 | D:1      | Reached XP level 2. HP: 18/18 MP: 2/2
   192 | D:1      | Reached skill level 1 in Stealth
   673 | D:2      | Reached XP level 3. HP: 8/23 MP: 3/3
  1475 | D:2      | Reached XP level 4. HP: 26/29 MP: 4/4
  1545 | D:3      | You fall into a shaft and drop 3 floors!
  1574 | D:6      | Noticed a centaur
  1759 | D:6      | Noticed a scorpion
  1771 | D:6      | Killed a scorpion
  1772 | D:6      | Reached XP level 5. HP: 27/34 MP: 5/5
  1833 | D:6      | Noticed a yak
  1916 | D:6      | Found an ornate altar of the Wu Jian Council.
  1932 | D:5      | Entered Level 5 of the Dungeon
  2081 | D:5      | Noticed a phantom
  2090 | D:5      | Killed a phantom
  2091 | D:5      | Reached skill level 4 in Unarmed Combat
  2091 | D:5      | Reached XP level 6. HP: 33/41 MP: 6/6
  2692 | D:3      | Reached XP level 7. HP: 23/46 MP: 7/7
  2846 | D:3      | Noticed Natasha
  2851 | D:3      | Killed Natasha
  2884 | D:3      | Found a runed translucent door.
  2884 | D:3      | Noticed Livid's ghost (amateur CoFi)
  2951 | D:3      | Noticed Grinder
  2952 | D:3      | Noticed Natasha
  2998 | D:3      | Paralysed by Grinder for 4 turns
  3007 | D:3      | Killed Natasha
  3144 | D:2      | Identified 2 scrolls of acquirement
  3144 | D:2      | Acquired a manual of Unarmed Combat
  3146 | D:2      | Acquired a granite talisman
  3226 | D:4      | Found a glowing golden altar of the Shining One.
  3228 | D:4      | Noticed an angel
  3259 | D:4      | Found a basalt altar of Yredelemnul.
  3424 | D:4      | Found a hazy altar of Hepliaklqana.
  3645 | D:4      | Reached skill level 5 in Unarmed Combat
  4210 | D:5      | Reached skill level 5 in Stealth
  4216 | D:5      | Reached XP level 8. HP: 46/54 MP: 8/8
  4390 | D:6      | Reached skill level 6 in Unarmed Combat
  4390 | D:6      | Reached skill level 5 in Shapeshifting
  5283 | D:6      | Reached skill level 7 in Unarmed Combat
  5335 | D:6      | Reached XP level 9. HP: 8/59 MP: 9/9
  5339 | D:6      | Reached skill level 5 in Dodging
  5339 | D:6      | HP: 4/88 [scorpion (4)]
  5341 | D:6      | Reached skill level 8 in Unarmed Combat
  6094 | D:3      | Killed Grinder
  6095 | D:3      | Reached skill level 5 in Fighting
  6196 | D:3      | Found a runed translucent door.
  6197 | D:3      | Noticed Crazy Yiuf
  6242 | D:3      | Noticed Natasha
  6247 | D:3      | Killed Natasha
  6574 | D:7      | Found a staircase to the Ecumenical Temple.
  6610 | Temple   | Found a transporter.
  6610 | Temple   | Found a transporter.
  6610 | Temple   | Found a transporter.
  6610 | Temple   | Found a transporter.
  6610 | Temple   | Entered the Ecumenical Temple
  6656 | D:7      | Reached skill level 9 in Unarmed Combat
  7483 | D:7      | Found a radiant altar of Vehumet.
  7505 | D:7      | Reached XP level 10. HP: 56/67 MP: 10/10
  7720 | D:8      | Reached skill level 10 in Unarmed Combat
  8433 | D:8      | Found Uschiox's Antique Weapon Boutique.
  8971 | D:8      | Got the Anthology of Nature
  9046 | D:8      | Reached skill level 11 in Unarmed Combat
  9503 | D:8      | Found a runed translucent door.
  9508 | D:8      | Noticed cforsyth's ghost (novice MDCA)
 10301 | D:9      | Slain by a vampire mosquito

Illustrated notes

Levels and vault maps discovered:
D:1:      scummos_arrival_checkerplants, layout_basic, serial_forest,
          infiniplex_forest_straight_4, infiniplex_forest_corner_1,
          infiniplex_forest_lined_2, infiniplex_forest_zigzag_1,
          infiniplex_forest_straight_1, infiniplex_forest_lined_ring,
          infiniplex_forest_clump_long, infiniplex_forest_clump_double
D:2:      layout_rooms, glass_columns_b
D:3:      layout_rooms, gammafunk_ghost_grave, kennysheep_decorative_pillar,
          uniq_natasha, uniq_crazy_yiuf_cottage, uniq_grinder
D:4:      layout_loops_ring, grunt_temple_overflow_holy_war, old_standard_altar
D:5:      layout_loops_cross, minmay_gold_behind_fungi
D:6:      kennysheep_windowed_halls, layout_basic,
          mainiacjoe_overflow_six_doors_small
D:7:      layout_basic, mainiacjoe_overflow_alcove_2, minmay_temple_entry_waves,
          minmay_misc_feat_secret_circle
D:8:      layout_cave_pods, ebering_ghost_inner_flame, serial_shops, shop,
          introduction_to_nature_2
D:9:      layout_basic
Temple:   hellmonk_temple_divided_pantheon

Skill      XL: |  1  2  3  4  5  6  7  8  9 10 |
---------------+-------------------------------+-----
Stealth        | 1 2 3 4 5 6 7 8 |  8.7
Fighting       | 2 3 4 5 6 |  6.4
Dodging        | 3 4 5 6 |  6.6
Unarmed Combat | 4 5 7 9 11 | 11.5
Shapeshifting  | 4 5 7 8 |  8.1

Action                     |  1- 3 |  4- 6 |  7- 9 | 10-12 || total
---------------------------+-------+-------+-------+-------++-------
  Melee: Unarmed           |    42 |    43 |   164 |   106 ||   355
         Constrict         |    12 |    12 |    45 |    24 ||    93
         Tentacles         |    17 |    14 |    41 |    25 ||    97
         Punch             |     1 |     3 |     9 |    14 ||    27
  Throw: Dart              |       |     5 |     6 |     2 ||    13
  Evoke: Wand              |       |       |     2 |     2 ||     4
    Use: Scroll            |       |       |    14 |     1 ||    15
         Potion            |       |       |     6 |     3 ||     9
   Stab: Sleeping          |     8 |     5 |    11 |     4 ||    28
 Armour: Skin              |    13 |    18 |    72 |    71 ||   174
  Dodge: Dodged            |    17 |    10 |    91 |    72 ||   190

Table legend: (Time is in decaauts)
 A = Elapsed time spent in this place.
 B = Non-inter-level travel time spent in this place.
 C = Inter-level travel time spent in this place.
 D = Time resting spent in this place.
 E = Time spent auto-exploring this place.
 F = Levels seen in this place.
 G = Mean time per level.
                   A        B        C        D        E       F      G
               +--------+--------+--------+--------+--------+-----+--------+
         Total |  10278 |   9918 |    360 |   3211 |   5131 |  10 | 1027.8 |
       Dungeon |  10257 |   9897 |    360 |   3211 |   5131 |   9 | 1139.7 |
        Temple |     21 |     21 |      0 |      0 |      0 |   1 |   21.0 |
               +--------+--------+--------+--------+--------+-----+--------+

Top non-repeatable levels by time:
     D:6: 2273 daAuts
     D:8: 1913 daAuts
     D:2: 1081 daAuts
     D:4: 1023 daAuts
     D:7: 1021 daAuts
     D:5: 970 daAuts
     D:9: 662 daAuts
     D:1: 657 daAuts
     D:3: 653 daAuts
  Temple: 21 daAuts
